 Dungeon Crawl Stone Soup version 0.20.1-1-g8b1a95d (webtiles) character file.

53880 Ymberti the Cleaver (level 14, -3/127 HPs)
             Began as a Hill Orc Fighter on Oct 2, 2017.
             Was the Champion of Beogh.
             Killed from afar by an acid blob (12 damage)
             ... with a splash of acid
             ... on level 5 of the Lair of Beasts.
             The game lasted 01:46:58 (18355 turns).

Ymberti the Cleaver (Hill Orc Fighter)             Turns: 18355, Time: 01:46:58

Health: -3/127     AC: 14    Str: 32    XL:     14   Next: 70%
Magic:  15/15      EV: 11    Int: 10    God:    Beogh [******]
Gold:   3188       SH: 20    Dex: 12    Spells: 13/13 levels left

rFire    + . .     SeeInvis .   o - +7 flail (holy)
rCold    + . .     Gourm    .   c - +0 shield
rNeg     . . .     Faith    .   E - +1 chain mail of Dase {rC+ Int+3}
rPois    .         Spirit   .   f - +0 helmet of the Ancient Shrikes {Str+4 Int+2}
rElec    .         Reflect  +   i - +1 cloak
rCorr    .         Harm     .   r - +0 pair of gloves
MR       +....                  (no boots)
Stlth    ..........             G - +6 amulet of reflection
Regen    0.4/turn               M - +4 ring of slaying
MPRegen  0.2/turn               A - ring "Atoefuo" {+Inv rF+ Str+6 Int-5 Stlth+}

@: corroded
A: walk on water, hooves 1, agile 1, clever 1, weak 1
a: Smiting, Recall Orcish Followers, Give Item to Named Follower, Resurrection,
Renounce Religion, Evoke Invisibility


You were on level 5 of the Lair of Beasts.
You worshipped Beogh.
Beogh was exalted by your worship.
You were not hungry.

You visited 4 branches of the dungeon, and saw 21 of its levels.
You also visited: Sewer and Ossuary.

You collected 4768 gold pieces.
You spent 1580 gold pieces at shops.

Inventory:

Hand Weapons
 o - a +7 flail of holy wrath (weapon)
 u - the +6 long sword "Nuyr" {drain, Dex+3}
   (You found it on level 6 of the Lair of Beasts)

   A truly terrible weapon, it drains the life of those it strikes.
   It affects your dexterity (+3).
 x - a +2 battleaxe of chopping
 D - the +3 war axe of Desperation {venom, rF+ rC+ Int+5}
   (You found it on level 7 of the Dungeon)

   It poisons the flesh of those it strikes.
   It affects your intelligence (+5).
   It protects you from fire.
   It protects you from cold.
 H - a +0 vampiric battleaxe
Missiles
 z - a throwing net (quivered)
Armour
 c - a +0 shield (worn)
 f - the +0 helmet of the Ancient Shrikes (worn) {Str+4 Int+2}
   (You bought it in a shop on level 12 of the Dungeon)

   It affects your strength (+4).
   It affects your intelligence (+2).
 i - a +1 cloak (worn)
 r - a +0 pair of gloves (worn)
 E - the +1 chain mail of Dase (worn) {rC+ Int+3}
   (You found it on level 7 of the Dungeon)

   It affects your intelligence (+3).
   It protects you from cold.
Jewellery
 y - an uncursed amulet of harm
 A - the ring "Atoefuo" (right hand) {+Inv rF+ Str+6 Int-5 Stlth+}
   (You bought it in a shop on level 6 of the Dungeon)

   [ring of stealth]

   It affects your strength (+6).
   It affects your intelligence (-5).
   It protects you from fire.
   It lets you turn invisible.
   It makes you more stealthy.
 G - a +6 amulet of reflection (around neck)
 M - a +4 ring of slaying (left hand)
Scrolls
 b - 3 scrolls of magic mapping
 e - 6 scrolls of remove curse
 h - a scroll of enchant armour
 m - a scroll of acquirement
 q - 3 scrolls of blinking
 v - 2 scrolls of recharging
 C - 2 scrolls of teleportation
 P - 2 scrolls of amnesia
 U - a scroll of holy word
Potions
 a - 3 potions of ambrosia
 d - 5 potions of might
 g - 4 potions of flight
 p - 6 potions of curing
 t - 4 potions of haste
 w - 5 potions of agility
 B - 3 potions of brilliance
 F - a potion of magic
 W - 4 potions of heal wounds
Miscellaneous
 k - a lightning rod (4/4)
 l - a lamp of fire
 R - a sack of spiders
Comestibles
 j - 11 meat rations
 n - 7 royal jellies
 s - 7 bread rations


   Skills:
 + Level 12.4 Fighting
 + Level 6.9 Long Blades
 + Level 14.8(15.9) Axes
 + Level 9.0(12.0) Maces & Flails
 + Level 11.7 Armour
 + Level 4.6 Dodging
 + Level 3.3 Stealth
 + Level 13.3 Shields
 + Level 2.2 Invocations
 + Level 0.2 Evocations


You had 13 spell levels left.
You didn't know any spells.

Dungeon Overview and Level Annotations

Branches:
Dungeon (12/15)            Temple (0/1) D:6            Lair (6/6) D:10
 Shoals (0/4) Lair:4       Spider (0/4) Lair:2        Slime (1/5) Lair:5
    Orc (2/2) D:9             Elf (0/3) Orc:2

Altars:
Ashenzari
Cheibriados
Elyvilon
Hepliaklqana
Kikubaaqudgha
Nemelex Xobeh
Qazlal
Ru
Trog
Uskayaw
Vehumet
Xom
Yredelemnul
The Shining One
Beogh
Jiyva

Shops:
D:6 =   D:11 }   D:12 [   Orc:1 :   Orc:2 :(!?

Portals:
Trove: D:11 (give 12 potions of heal wounds)


Innate Abilities, Weirdness & Mutations

You can walk on water.
You have large cloven feet.
You are agile. (Dex +2)
Your mind is acute. (Int +2)
You are weak. (Str -2)


Message History

The azure jelly freezes you! You resist.
* * * LOW HITPOINT WARNING * * *
You block the azure jelly's attack. x3
Your orc knight hits the acid blob with a hand axe!
Your orc knight is burned by acid!
Your orc warrior hits the acid blob but does no damage.
Your orc warrior is burned by acid!
Your orc warrior hits the azure jelly with a broad axe!
Your orc warrior hits the plant with a broad axe.
The acid blob spits acid at you. The splash of acid hits you!
* * * LOW HITPOINT WARNING * * *
You are splashed with acid!
The acid burns!
* * * LOW HITPOINT WARNING * * *
Your orc knight roars a battlecry!
Your orc warrior goes into a battle-frenzy!
You block the azure jelly's attack. x4
The acid blob spits acid at you. The splash of acid hits you!
You die...

#....P....#..P........#⌠.<.⌠#..
##.............>.......†.....#..
##...............<....#.##......P
#.#.....................##.'###..
###....#.#.......###.####.....##.
#P.........o_...P#..##...⌠.....
#..(........oJ......#.........#
#.........P.J..P#.##..⌠..>..⌠..
##............@..##............
#............#.###.......⌠.....
#................o..........#..
#...............#..⌠..#.....#..
#....................#...⌠..##.
#..............#.....##.....##.
##...............o....#.....##.
#..............##..+##.......#.
##.....................#.#.##..


You could see an acid blob, an azure jelly, a friendly orc knight, a friendly
orc warrior and the friendly Marbaugh the orc warrior.

Vanquished Creatures
  Rupert (Lair:4)
  An azure jelly (Slime:1)
  Josephine (D:12)
  Erolcha (Orc:2)
  2 hydras
  A catoblepas (Lair:5)
  4 two-headed ogres
  The ghost of bmj180 the Cleaver, a novice MiFi of Okawaru (D:7)
  2 death yaks (Lair:6)
  A deep troll shaman (Lair:6)
  Nergalle (Orc:1)
  An unseen horror (D:11)
  Pikel (D:5)
  The ghost of Ymberti the Slasher, a novice HOFi of Beogh (D:6)
  2 orc sorcerers
  A manticore (Lair:4)
  A cyclops (D:11)
  An elephant (Lair:6)
  A torpor snail (Lair:6)
  2 black mambas
  3 spiny frogs
  A gargoyle (D:12)
  A kobold demonologist (D:10)
  A rime drake (Lair:6)
  6 trolls
  4 komodo dragons
  2 hornets (D:9)
  2 polar bears (Lair:6)
  8 blink frogs
  3 slime creatures (D:12)
  5 dream sheep (Lair:6)
  12 hippogriffs
  26 yaks
  A basilisk (Lair:1)
  Grum (D:11)
  2 hungry ghosts
  A soldier ant (D:9)
  3 porcupines
  9 water moccasins
  8 orc warriors
  2 black bears (D:9)
  4 ice beasts
  A sky beast (D:10)
  Purgy (Sewer)
  9 ogres
  A phantom (D:12)
  8 wolves
  6 centaurs
  6 crocodiles
  2 big kobolds (D:10)
  4 elf zombies (Ossuary)
  10 bullfrogs
  A scorpion (D:7)
  A water moccasin skeleton (D:7)
  A howler monkey (D:11)
  2 jellies
  5 centaur zombies
  2 bullfrog zombies
  5 crimson imps
  6 human zombies (Ossuary)
  5 hounds (D:10)
  Crazy Yiuf (D:4)
  A centaur skeleton (D:12)
  6 orc priests
  11 orc wizards
  3 bullfrog skeletons
  3 iguanas
  14 worker ants
  A hound skeleton (D:10)
  3 mummies (Ossuary)
  A worker ant zombie (D:8)
  A howler monkey zombie (D:10)
  12 gnolls
  11 adders
  2 shadow imps
  2 oozes
  3 adder skeletons
  3 worms
  A dart slug (D:1)
  3 leopard geckos
  35 orcs
  8 giant cockroaches
  9 goblins
  8 hobgoblins
  15 jackals
  6 quokkas
  2 ball pythons
  11 bats
  3 frilled lizards
  15 kobolds
  A leopard gecko skeleton (D:4)
  2 quokka skeletons
  A quokka zombie (D:7)
  9 rats
  A fungus (Lair:5)
  4 plants
420 creatures vanquished.

Vanquished Creatures (collateral kills)
  A dire elephant (Lair:6)
  2 hydras
  A catoblepas (Lair:6)
  4 death yaks (Lair:6)
  An orc knight (Orc:2)
  A manticore (D:12)
  8 orc sorcerers
  A cyclops (Orc:2)
  2 black mambas
  2 elephants (Lair:6)
  A torpor snail (Lair:6)
  8 spiny frogs
  2 rime drakes (Lair:6)
  An efreet (D:11)
  7 komodo dragons
  A troll (Orc:2)
  9 blink frogs
  2 dream sheep (Lair:6)
  5 hippogriffs
  19 yaks
  3 wraiths (D:12)
  A basilisk (Lair:6)
  A steam dragon (Lair:2)
  A warg (Orc:2)
  2 water moccasins
  2 porcupines
  4 black bears
  3 wolves
  An ogre (Orc:2)
  2 centaurs (D:11)
  3 crocodiles
  4 bullfrogs
  A scorpion (D:11)
  An electric eel (D:10)
  A crimson imp (D:10)
  An iguana (D:10)
  7 orc wizards (Orc:2)
  An adder (D:11)
  3 orcs
  6 fungi
  7 plants (Lair:6)
133 creatures vanquished.

Vanquished Creatures (others)
  An orc knight (Lair:6)
  7 orc wizards
  A blink frog (Lair:2)
  3 orc priests
  2 orc warriors
  A centaur (D:11)
  A centaur zombie (D:5)
  A leopard gecko (D:5)
  12 orcs
  A bush (Lair:6)
  10 fungi
  5 plants
45 creatures vanquished.

Grand Total: 598 creatures vanquished

Notes
Turn   | Place    | Note
-------+----------+-------------------------------------------
     0 | D:1      | Ymberti the Hill Orc Fighter began the quest for the Orb.
     0 | D:1      | Reached XP level 1. HP: 19/19 MP: 1/1
    52 | D:1      | Reached XP level 2. HP: 27/27 MP: 2/2
   649 | D:1      | Reached XP level 3. HP: 32/33 MP: 3/3
   798 | D:2      | Found a shattered altar of Ashenzari.
   798 | D:2      | Found a bloodstained altar of Trog.
   798 | D:2      | Found a snail-covered altar of Cheibriados.
   798 | D:2      | Found a sparkling altar of Nemelex Xobeh.
   798 | D:2      | Found a white marble altar of Elyvilon.
  1241 | D:2      | Found a basalt altar of Yredelemnul.
  1272 | D:2      | Gained mutation: Your spells are a little easier to cast, but a little less powerful. [potion of mutation]
  1272 | D:2      | Gained mutation: Your body sometimes deteriorates upon taking damage. [potion of mutation]
  1272 | D:2      | Gained mutation: You evolve. [potion of mutation]
  1272 | D:2      | Gained mutation: You have a pair of small horns on your head. [potion of mutation]
  1273 | D:2      | Lost mutation: Your body sometimes deteriorates upon taking damage. [potion of mutation]
  1273 | D:2      | Lost mutation: You have a pair of small horns on your head. [potion of mutation]
  1273 | D:2      | Lost mutation: You evolve. [potion of mutation]
  1273 | D:2      | Lost mutation: Your spells are a little easier to cast, but a little less powerful. [potion of mutation]
  1273 | D:2      | Gained mutation: You are resistant to hostile enchantments. (MR+) [potion of mutation]
  1273 | D:2      | Gained mutation: You have large cloven feet. [potion of mutation]
  1273 | D:2      | Gained mutation: Your system is resistant to poisons. (rPois) [potion of mutation]
  1595 | D:2      | Reached XP level 4. HP: 40/40 MP: 4/4
  1681 | D:3      | Found a glowing golden altar of the Shining One.
  1954 | D:3      | Found a sacrificial altar of Ru.
  2117 | D:3      | Reached XP level 5. HP: 46/46 MP: 5/5
  2135 | D:3      | Reached skill level 1 in Maces & Flails
  2277 | D:4      | Reached skill level 1 in Dodging
  2316 | D:4      | Reached XP level 6. HP: 45/52 MP: 6/6
  2374 | D:4      | Found a glowing drain.
  2388 | Sewer    | Entered a sewer
  2421 | Sewer    | Noticed Purgy
  2439 | Sewer    | Killed Purgy
  2546 | D:4      | Reached skill level 5 in Fighting
  2591 | D:4      | Found a runed door.
  2810 | D:4      | Reached XP level 7. HP: 61/61 MP: 7/7
  2842 | D:4      | Found a sand-covered staircase.
  2850 | Ossuary  | Entered an ossuary
  2941 | Ossuary  | Reached skill level 5 in Shields
  2951 | Ossuary  | Reached skill level 5 in Maces & Flails
  2951 | Ossuary  | Reached skill level 5 in Armour
  2951 | Ossuary  | Reached XP level 8. HP: 22/69 MP: 8/8
  3484 | D:4      | You fall through a shaft for 2 floors!
  3491 | D:6      | Found a hazy altar of Hepliaklqana.
  3517 | D:6      | Found Ysouco's Jewellery Shoppe.
  3540 | D:5      | Entered Level 5 of the Dungeon
  3754 | D:4      | Noticed Crazy Yiuf
  3759 | D:4      | Killed Crazy Yiuf
  3858 | D:5      | Noticed Pikel
  3873 | D:5      | Killed Pikel
  3873 | D:5      | Reached XP level 9. HP: 51/75 MP: 9/9
  3894 | D:5      | Became a worshipper of Beogh the Brigand
  4489 | D:6      | Reached * piety under Beogh
  4919 | D:6      | Found a stormy altar of Qazlal.
  4953 | D:6      | Noticed Ymberti's ghost (novice HOFi)
  4961 | D:6      | Killed Ymberti's ghost
  4968 | D:6      | Found a staircase to the Ecumenical Temple.
  5534 | D:7      | Reached XP level 10. HP: 85/86 MP: 10/10
  5542 | D:7      | Got a crystal war axe
  5543 | D:7      | Identified the +3 war axe of Desperation {venom, rF+ rC+ Int+5} (You found it on level 7 of the Dungeon)
  5559 | D:7      | Got an ichor-stained chain mail
  5570 | D:7      | Identified the +1 chain mail of Dase {rC+ Int+3} (You found it on level 7 of the Dungeon)
  5600 | D:6      | Bought the ring "Atoefuo" {+Inv rF+ Str+6 Int-5 Stlth+} for 406 gold pieces
  5785 | D:7      | Reached skill level 1 in Axes
  6062 | D:7      | Noticed bmj180's ghost (novice MiFi)
  6094 | D:7      | Killed bmj180's ghost
  6094 | D:7      | Reached ** piety under Beogh
  6094 | D:7      | Reached skill level 3 in Axes
  6365 | D:8      | Noticed a two-headed ogre
  6381 | D:8      | Killed a two-headed ogre
  6381 | D:8      | Reached skill level 4 in Axes
  6519 | D:8      | Reached skill level 5 in Axes
  6606 | D:8      | Found a shimmering altar of Xom.
  6899 | D:9      | Noticed a two-headed ogre
  6915 | D:9      | Killed a two-headed ogre
  6915 | D:9      | Reached skill level 6 in Axes
  6915 | D:9      | Reached XP level 11. HP: 81/95 MP: 11/11
  7231 | D:9      | Found a staircase to the Orcish Mines.
  7240 | D:9      | Reached skill level 7 in Axes
  7296 | D:9      | Found a hide-covered altar of Uskayaw.
  7307 | D:9      | Lost mutation: You are resistant to hostile enchantments. (MR+) [potion of mutation]
  7307 | D:9      | Lost mutation: You have large cloven feet. [potion of mutation]
  7307 | D:9      | Lost mutation: Your system is resistant to poisons. (rPois) [potion of mutation]
  7307 | D:9      | Gained mutation: You are partially covered in large bone plates. (SH +4) [potion of mutation]
  7448 | D:9      | Reached skill level 1 in Stealth
  7507 | D:9      | Reached *** piety under Beogh
  7556 | D:9      | Reached skill level 8 in Axes
  7595 | D:10     | Entered Level 10 of the Dungeon
  7882 | D:10     | Reached skill level 9 in Axes
  7923 | D:10     | Reached **** piety under Beogh
  7930 | D:10     | Gained Milork as an ally
  7935 | D:10     | Found a staircase to the Lair.
  8579 | D:11     | Noticed a two-headed ogre
  8585 | D:11     | Killed a two-headed ogre
  8585 | D:11     | Reached skill level 10 in Axes
  8588 | D:11     | Found Numemuwk's Gadget Shop.
  8658 | D:11     | Found a portal to a secret trove of treasure.
  8677 | D:11     | Noticed Grum
  8685 | D:11     | Killed Grum
  8791 | D:11     | Noticed a cyclops
  8800 | D:11     | Killed a cyclops
  8810 | D:11     | Reached skill level 1 in Invocations
  8816 | D:11     | Killed an unseen horror
  8816 | D:11     | Reached skill level 11 in Axes
  8816 | D:11     | Reached XP level 12. HP: 76/106 MP: 12/12
  9107 | D:12     | Found Xeaclaz's Armour Boutique.
  9137 | D:12     | Reached skill level 10 in Fighting
  9368 | D:12     | Reached skill level 12 in Axes
  9663 | D:12     | Noticed Josephine
  9673 | D:12     | Killed Josephine
  9673 | D:12     | Reached skill level 10 in Shields
 10102 | Lair:1   | Entered Level 1 of the Lair of Beasts
 10117 | Lair:1   | You fall through a shaft!
 10655 | Lair:1   | Reached skill level 10 in Armour
 11094 | Lair:2   | Reached skill level 13 in Axes
 11147 | Lair:2   | Found a hole to the Spider Nest.
 11377 | Lair:2   | Reached XP level 13. HP: 89/114 MP: 10/14
 11975 | Lair:3   | Reached ***** piety under Beogh
 13092 | Lair:4   | Found a staircase to the Shoals.
 13310 | Lair:4   | Noticed Rupert
 13325 | Lair:4   | Killed Rupert
 13325 | Lair:4   | Reached skill level 14 in Axes
 13334 | Lair:4   | Identified 2 scrolls of acquirement
 13347 | Lair:4   | Got a warped helmet
 13358 | Lair:4   | Identified the +2 helmet of Creativity {rElec rC+} (You acquired it on level 4 of the Lair of Beasts)
 14014 | Lair:5   | Found a staircase to the Slime Pits.
 14014 | Lair:5   | Found a viscous altar of Jiyva.
 14527 | Lair:6   | Entered Level 6 of the Lair of Beasts
 14530 | Lair:6   | Got a fine long sword
 14543 | Lair:6   | HP: 2/117 [death yak[a torpor snail] (5)]
 14943 | Lair:6   | Identified the +6 long sword "Nuyr" {drain, Dex+3} (You found it on level 6 of the Lair of Beasts)
 15199 | Lair:6   | Reached XP level 14. HP: 126/126 MP: 15/15
 15416 | Lair:6   | Gained Olfik as an ally
 15416 | Lair:6   | Reached skill level 5 in Long Blades
 15534 | Lair:6   | Your ally Olfik died
 16038 | D:12     | Bought the +0 helmet of the Ancient Shrikes {Str+4 Int+2} for 409 gold pieces
 16178 | Orc:1    | Entered Level 1 of the Orcish Mines
 16252 | Orc:1    | Found a roughly hewn altar of Beogh.
 16354 | Orc:1    | Noticed Nergalle
 16377 | Orc:1    | Killed Nergalle
 16538 | Orc:1    | Found a roughly hewn altar of Beogh.
 16642 | Orc:1    | Found Lageuzat's Book Emporium.
 16736 | Orc:1    | Paralysed by an orc sorcerer for 4 turns
 16871 | Orc:2    | Entered Level 2 of the Orcish Mines
 16882 | Orc:2    | Found a roughly hewn altar of Beogh.
 16995 | Orc:2    | Gained Marbaugh as an ally
 17165 | Orc:2    | Found a staircase to the Elven Halls.
 17329 | Orc:2    | Found Wuneyky's Book Shoppe.
 17348 | Orc:2    | Found an ancient bone altar of Kikubaaqudgha.
 17358 | Orc:2    | Reached ****** piety under Beogh
 17362 | Orc:2    | Noticed Erolcha
 17369 | Orc:2    | Killed Erolcha
 17377 | Orc:2    | Found a radiant altar of Vehumet.
 17386 | Orc:2    | Found a roughly hewn altar of Beogh.
 17386 | Orc:2    | Found Othreheip's Antique Weapon Emporium.
 17395 | Orc:2    | Found Maihyuff's Distillery.
 17404 | Orc:2    | Bought a potion of heal wounds for 75 gold pieces
 17404 | Orc:2    | Bought a potion of haste for 150 gold pieces
 17404 | Orc:2    | Bought a potion of might for 60 gold pieces
 17404 | Orc:2    | Bought a potion of mutation for 120 gold pieces
 17404 | Orc:2    | Bought a potion of heal wounds for 75 gold pieces
 17404 | Orc:2    | Bought a potion of heal wounds for 75 gold pieces
 17404 | Orc:2    | Bought a potion of might for 60 gold pieces
 17404 | Orc:2    | Bought a potion of haste for 150 gold pieces
 17404 | Orc:2    | Lost mutation: You are partially covered in large bone plates. (SH +4) [potion of mutation]
 17404 | Orc:2    | Gained mutation: Your mind is acute. (Int +2) [potion of mutation]
 17404 | Orc:2    | Gained mutation: You are agile. (Dex +2) [potion of mutation]
 17404 | Orc:2    | Gained mutation: You are weak. (Str -2) [potion of mutation]
 17404 | Orc:2    | Gained mutation: You have large cloven feet. [potion of mutation]
 17513 | Orc:2    | Found Efecirgh's Magic Scroll Emporium.
 17988 | Lair:6   | Noticed a dire elephant
 17995 | Lair:6   | Killed a dire elephant
 18269 | Slime:1  | Entered Level 1 of the Pits of Slime
 18294 | Slime:1  | Noticed an azure jelly
 18305 | Slime:1  | Killed an azure jelly
 18322 | Slime:1  | Noticed an acid blob
 18326 | Slime:1  | Noticed an azure jelly
 18326 | Slime:1  | Noticed an azure jelly
 18355 | Lair:5   | Killed from afar by an acid blob

Skill      XL: |  1  2  3  4  5  6  7  8  9 10 11 12 13 14 |
---------------+-------------------------------------------+-----
Fighting       | 4 5 6 7 8 9 10 12 | 12.4
Long Blades    | 3 4 6 |  6.9
Shields        | 4 5 7 8 9 11 12 13 | 13.3
Armour         | 4 5 7 8 9 10 11 | 11.7
Maces & Flails | 1 3 5 7 8 9 |  9.0
Dodging        | 1 2 3 4 |  4.6
Axes           | 6 11 13 14 | 14.8
Stealth        | 1 2 3 |  3.3
Invocations    | 1 2 |  2.2
Evocations     | |  0.2

Action                   |  1- 3 |  4- 6 |  7- 9 | 10-12 | 13-15 || total
-------------------------+-------+-------+-------+-------+-------++-------
Melee: Long sword        |   120 |    19 |       |       |   215 ||   354
       Flail             |       |   149 |   320 |       |    11 ||   480
       Kick              |       |    46 |    76 |    37 |    29 ||   188
       War axe           |       |       |       |   494 |   180 ||   674
Invok: Convert to Beogh  |       |       |     1 |       |       ||     1
       Recall Orcish Fol |       |       |       |     5 |     5 ||    10
       Smiting           |       |       |       |     1 |       ||     1
       Give Item to Name |       |       |       |       |     1 ||     1
Evoke: Wand              |       |       |       |     1 |       ||     1
  Use: Scroll            |     3 |       |    14 |    13 |    14 ||    44
       Potion            |     2 |       |     3 |     4 |     4 ||    13
 Stab: Distracted        |       |       |       |     2 |     4 ||     6
       Petrified         |       |       |       |       |     5 ||     5
       Petrifying        |       |       |       |       |     1 ||     1
       Paralysed         |       |       |       |       |     1 ||     1
  Eat: Bread ration      |     1 |     1 |     1 |     4 |     2 ||     9
       Fruit             |       |     1 |       |       |     9 ||    10
       Royal jelly       |       |       |     1 |     3 |     4 ||     8
       Chunk             |       |       |       |     1 |       ||     1
Armor: Scale mail        |    43 |   116 |    79 |       |       ||   238
       Plate armour      |       |       |    37 |       |       ||    37
       Chain mail        |       |       |       |   146 |   174 ||   320
Dodge: Dodged            |    22 |    82 |   101 |   102 |   133 ||   440
Block: Shield            |    71 |   117 |   177 |   396 |   520 ||  1281
       Reflection        |       |       |       |     6 |     2 ||     8
       Rpst.: Long sword |     6 |     6 |       |       |    19 ||    31
